 Dungeon Crawl Stone Soup version 0.24.1-14-gf8d2b509d9 (webtiles) character file.

Game seed: 17290106449142032069, levelgen mode: deterministic

83 Descartes the Grasshopper (level 4, -1/19 HPs)
             Began as a Felid Warper on May 20, 2020.
             Slain by an orc
             ... wielding a +0 mace
              (6 damage)
             ... on level 2 of the Dungeon.
             The game lasted 00:09:40 (5053 turns).

Descartes the Grasshopper (Felid Warper)            Turns: 5053, Time: 00:09:40

Health: -1/19      AC:  1    Str:  8    XL:     4   Next: 22%
Magic:  8/8        EV: 19    Int: 14    God:
Gold:   126        SH:  0    Dex: 15    Spells: 3/7 levels left
                                        Lives:  0   Deaths: 1

rFire    . . .     SeeInvis +     - Unarmed
rCold    . . .     Gourm    .   (shield unavailable)
rNeg     . . .     Faith    .   (armour unavailable)
rPois    .         Spirit   .   (helmet unavailable)
rElec    .         Reflect  .   (cloak unavailable)
rCorr    .         Harm     .   (gloves unavailable)
MR       .....                  (boots unavailable)
Stlth    +++.......             (no amulet)
HPRegen  0.06/turn              (no ring)
MPRegen  0.11/turn              (no ring)

@: quick
A: very small, no armour, no weapons or thrown items, stealth, claws 1, fangs 3,
see invisible, carnivore, speed 1, shaggy fur 1, slow metabolism 1, sharp paws
a: no special abilities


You were on level 2 of the Dungeon.
You were very full.

You visited 1 branch of the dungeon, and saw 3 of its levels.

You collected 126 gold pieces.

Inventory:

Missiles
 f - 91 stones
 i - 22 arrows
Scrolls
 b - a scroll of blinking
 j - a scroll of teleportation {unknown}
 k - 3 scrolls of fear {unknown}
 l - a scroll of fog {unknown}
 m - a scroll of identify {unknown}
 o - a scroll of remove curse {unknown}
 p - a scroll of random uselessness {unknown}
Potions
 a - 2 potions of invisibility {unknown}
 e - a potion of curing {unknown}
 g - a potion of resistance {unknown}
 h - a potion of brilliance {unknown}
 n - a potion of heal wounds
Comestibles
 c - 5 rations


   Skills:
 - Level 2.0 Fighting
 + Level 4.2 Dodging
 * Level 4.1 Stealth
 + Level 2.8 Unarmed Combat
 - Level 2.0 Spellcasting
 + Level 1.3 Charms
 + Level 4.8 Translocations


You had 3 spell levels left.
You knew the following spells:

 Your Spells              Type           Power        Failure   Level  Hunger
a - Blink                 Tloc           N/A          4%          2    ###....
b - Shroud of Golubria    Chrm/Tloc      #.....       11%         2    ###....

Your spell library contained the following spells:

 Spells                   Type           Power        Failure   Level  Hunger
 Gell's Gravitas          Tloc           ##........   10%         3    ####...
 Lesser Beckoning         Tloc           ##........   10%         3    ####...
 Teleport Other           Tloc           ##......     10%         3    ####...
 Passage of Golubria      Tloc           N/A          32%         4    #####..


Dungeon Overview and Level Annotations

Branches:
Dungeon (3/15)

Altars:
Gozag
Kikubaaqudgha

Annotations:
D:1 Terence


Innate Abilities, Weirdness & Mutations

You cannot wear armour.
You are incapable of wielding weapons or throwing items.
Your paws allow you to move quietly. (Stealth)
You have sharp claws.
You have razor-sharp teeth.
You have supernaturally acute eyesight. (SInv)
You are carnivorous and can eat meat at any time.
You cover ground quickly.
You are covered in fur. (AC +1)
You have a slow metabolism.
Your sharp claws are effective at attacking unaware monsters.


Message History

You climb downwards.
The orc hits you with a +0 mace!
There is a stone staircase leading up here.
The orc misses you.
You climb upwards.
There is a stone staircase leading down here.
You scratch the orc but do no damage. Your bite misses the orc.
The orc misses you.
You scratch the orc.
The orc is heavily wounded.
You barely miss the orc.
The orc is heavily wounded.
The orc hits you with a +0 mace.
You scratch the orc but do no damage. You bite the orc, but do no damage.
The orc is heavily wounded.
The orc hits you with a +0 mace.
* * * LOW HITPOINT WARNING * * *
You scratch the orc but do no damage. Your bite misses the orc.
The orc is heavily wounded.
The orc hits you with a +0 mace.
You die...

..##...............# #.#
..............###..## ##.########
..........#....##.<.###..).......
....#########..##..#.....########
.......######..##.###.#..#
##..##...........## ##...#
#..#########..##.###.##.#
#.............<...#.....#
#..######)....o@....#####
#.........##.########
##.#########.# #.#########.#
#...........# #############


You could see an orc.

Vanquished Creatures
  An orc wizard (D:2)
  An adder (D:2)
  An ooze (D:1)
  2 dart slugs
  A leopard gecko (D:1)
  7 orcs
  3 bats (D:1)
  7 giant cockroaches
  15 goblins
  3 hobgoblins (D:1)
  5 jackals (D:2)
  3 frilled lizards
  10 kobolds
  5 rats
64 creatures vanquished.

Notes
Turn   | Place    | Note
-------+----------+-------------------------------------------
     0 | D:1      | Descartes the Felid Warper began the quest for the Orb.
     0 | D:1      | Reached XP level 1. HP: 9/9 MP: 4/4
    37 | D:1      | Reached skill level 1 in Stealth
   704 | D:1      | Reached XP level 2. HP: 13/13 MP: 6/6
  1135 | D:1      | Reached XP level 3. HP: 8/16 MP: 7/7
  1691 | D:2      | Learned a level 2 spell: Blink
  1694 | D:2      | Learned a level 2 spell: Shroud of Golubria
  1890 | D:2      | Noticed Terence
  2742 | D:2      | Reached XP level 4. HP: 15/19 MP: 8/8
  3434 | D:1      | Slain by Terence
  3435 | D:1      | Reached XP level 3. HP: -1/16 MP: 7/7
  4092 | D:2      | Reached skill level 1 in Charms
  4234 | D:2      | Reached XP level 4. HP: 18/19 MP: 8/8
  4566 | D:3      | Found an opulent altar of Gozag.
  4568 | D:3      | Found an ancient bone altar of Kikubaaqudgha.
  5053 | D:2      | Slain by an orc

Levels and vault maps discovered:
D:1:      elethiomel_arrival_shortcut, layout_basic, minmay_tree_intersection,
          minmay_quantized
D:2:      layout_loops_ring, uniq_terence
D:3:      layout_rooms, minitemple

Skill      XL: |  1  2  3 |
---------------+----------+-----
Stealth        | 1 2 4 |  4.1
Dodging        | 4 |  4.2
Charms         | 1 |  1.3
Fighting       | |  2.0
Unarmed Combat | |  2.8
Spellcasting   | |  2.0
Translocations | |  4.8

Action                   |  1- 3 |  4- 6 || total
-------------------------+-------+-------++-------
Melee: Unarmed           |   181 |    52 ||   233
       Bite              |    10 |     3 ||    13
       Punch             |     1 |       ||     1
 Stab: Sleeping          |     9 |     1 ||    10
  Eat: Chunk             |    18 |     1 ||    19
Armor: Skin              |     5 |     1 ||     6
Dodge: Dodged            |   122 |    40 ||   162
